 Dungeon Crawl Stone Soup version 0.30-a0-989-g0d87f670db (webtiles) character file.

Game seed: 251447824614628440

128 gelatine the Chiller (level 4, 0/31 HPs)
             Began as a Demonspawn Ice Elementalist on Apr 2, 2023.
             Slain by a hound zombie (1 damage)
             ... in an ossuary.
             The game lasted 00:07:03 (2607 turns).

gelatine the Chiller (Demonspawn Ice Elementalist)  Turns: 2607, Time: 00:07:04

Health: 0/31       AC:  4    Str:  6 (9)  XL:     4   Next: 86%
Magic:  7/7        EV: 12    Int: 17 (18) God:
Gold:   258        SH:  0    Dex: 10 (13) Spells: 0/7 levels left

rFire   + . .      SeeInvis .    r - +1 dagger (freeze)
rCold   + . .      Faith    .    (no shield)
rNeg    . . .      Spirit   .    h - +1 robe
rPois   +          Reflect  .    o - +0 hat
rElec   +          Rampage  .    (no cloak)
rCorr   +                        (no gloves)
Will    .....                    e - +0 pair of boots
Stlth   ++                       (no amulet)
HPRegen 0.25/turn                (no ring)
MPRegen 0.10/turn                (no ring)

@: mighty, resistant, attractive, hasted, very quick
A: demonic guardian 2
a: no special abilities


You were in an ossuary.
You visited 1 branch of the dungeon, and saw 4 of its levels.
You also visited: Ossuary.

You collected 258 gold pieces.

Inventory:

Hand Weapons
 c - a +0 war axe
 r - a +1 dagger of freezing (weapon)
Armour
 e - a +0 pair of boots (worn)
 h - a +1 robe (worn)
 o - a +0 hat (worn)
Wands
 g - a wand of roots (11)
Scrolls
 a - a scroll of magic mapping {unknown}
 f - a scroll of noise
 k - a scroll of acquirement
 q - a scroll of teleportation
Potions
 j - a potion of degeneration
 m - a potion of haste


   Skills:
 * Level 0.7 Fighting
 * Level 2.2 Dodging
 + Level 2.0 Stealth
 + Level 2.3 Spellcasting
 * Level 5.1 Ice Magic


You couldn't memorise any spells.
You knew the following spells:

 Your Spells              Type           Power      Damage    Failure   Level
a - Freeze                Ice            76%        1d8       2%          1
b - Frozen Ramparts       Ice            38%        1d6       7%          3
c - Ozocubu's Armour      Ice            19%        N/A       7%          3

Your spell library contained the following spells:

 Spells                   Type           Power      Damage    Failure   Level
 Summon Ice Beast         Ice/Summ       10%        N/A       54%         4


Dungeon Overview and Level Annotations

Branches:
Dungeon (4/15)            Ossuary (1/1)
 Temple: D:4-7

Altars:
Wu Jian


Innate Abilities, Weirdness & Mutations

A demonic guardian rushes to your aid.


Message History

Your rust devil hits the hobgoblin zombie.
The hobgoblin zombie seems to be corroded for longer.
The goblin zombie is attracted toward you.
The elf zombie is attracted toward you.
The jackal zombie is attracted toward you.
A mummy comes into view.
Your rust devil hits the hobgoblin zombie!
The hobgoblin zombie is destroyed!
The hound zombie is attracted toward you.
The kobold zombie is attracted toward you.
The mummy is attracted toward you.
The kobold zombie is attracted toward you.
The jackal zombie is attracted toward you.
The mummy is attracted toward you. The hound zombie closely misses you.
The kobold zombie hits you but does no damage.
Your rust devil hits the goblin zombie.
Your rust devil corrodes the goblin zombie!
The hound zombie attacks as you move away!
The hound zombie bites you.
* * * LOW HITPOINT WARNING * * *
Found a gate leading back out of this place.
The orc zombie is attracted toward you. The orc zombie is attracted toward you.
The kobold zombie is attracted toward you.
The gnoll zombie is attracted toward you.
The goblin zombie is attracted toward you.
The hound zombie attacks as you move away!
The hound zombie bites you but does no damage.
The hound zombie bites you.
* * * LOW HITPOINT WARNING * * *
There is a gate leading back out of this place here.
It was a potion of haste.
You feel yourself speed up. The hound zombie barely misses you.
The orc zombie barely misses you.
The kobold zombie is attracted toward you.
It was a potion of might.
You feel very mighty all of a sudden.
Your rust devil disappears in a puff of smoke!
The hound zombie bites you.
You die...

..................
........4.........
##....§..........
.##....ZZ§........
.......Z..........
......§M..........
......§.#####.....
.......ZZZ........
........ZZ@.......
##################


You could see a jackal zombie, a hound zombie, 2 kobold zombies and an orc
zombie.

Vanquished Creatures
  Jessica (D:2)
  A gnoll (D:2)
  2 adders
  A worm (D:2)
  2 dart slugs
  4 orcs (D:3)
  5 ball pythons
  6 bats
  6 endoplasms
  A giant cockroach (D:2)
  3 goblins
  3 hobgoblins
  4 frilled lizards
  A goblin zombie (Ossuary)
  2 kobolds
  3 rats
45 creatures vanquished.

Vanquished Creatures (collateral kills)
  2 gnolls (D:2)
  A hobgoblin zombie (Ossuary)
  A jackal zombie (Ossuary)
  An orc zombie (Ossuary)
5 creatures vanquished.

Vanquished Creatures (others)
  3 demonic plants (D:4)
3 creatures vanquished.

Grand Total: 53 creatures vanquished

Notes
Turn   | Place    | Note
-------+----------+-------------------------------------------
     0 | D:1      | gelatine the Demonspawn Ice Elementalist began the quest
                  | for the Orb.
     0 | D:1      | Reached XP level 1. HP: 13/13 MP: 3/3
   381 | D:1      | Reached skill level 4 in Ice Magic
   381 | D:1      | Gained mutation: A weak demonic guardian rushes to your
                  | aid. [demonic ancestry]
   381 | D:1      | Reached XP level 2. HP: 19/19 MP: 3/5
   908 | D:2      | Found an ornate altar of the Wu Jian Council.
   914 | D:2      | Noticed Jessica
   921 | D:2      | Killed Jessica
   922 | D:2      | Gained mutation: A demonic guardian rushes to your aid.
                  | [demonic ancestry]
   922 | D:2      | Reached XP level 3. HP: 16/25 MP: 3/6
   926 | D:2      | Learned a level 3 spell: Frozen Ramparts
  1062 | D:2      | Reached XP level 4. HP: 18/31 MP: 3/7
  1263 | D:2      | Learned a level 3 spell: Ozocubu's Armour
  1462 | D:2      | Reached skill level 5 in Ice Magic
  2484 | D:4      | Identified a scroll of acquirement
  2565 | D:4      | Found a sand-covered staircase.
  2571 | Ossuary  | Entered an ossuary
  2605 | Ossuary  | HP: 1/31 [hound zombie (2)]
  2607 | Ossuary  | Slain by a hound zombie

Illustrated notes

Levels and vault maps discovered:
D:1:      evilmike_arrival_plus, layout_basic, hex_large
D:2:      layout_basic, basic_altar, chequers_serial_rivers_room_b, uniq_jessica
D:3:      layout_loops_cross, kennysheep_generic_room_3
D:4:      layout_cave_pods, serial_demonic, serial_demonic_d, serial_demonic_g,
          serial_demonic_b, serial_demonic_c,
          lightli_ossuary_entry_decrepit_ruins, uniq_eustachio,
          uniq_blork_the_orc, uniq_duvessa
Ossuary:  ossuary_minmay_tomb_2a

Skill      XL: |  1  2  3  4 |
---------------+-------------+-----
Ice Magic      | 4 5 |  5.1
Dodging        | 2 |  2.2
Stealth        | 2 |  2.0
Fighting       | |  0.7
Spellcasting   | |  2.3

Action                     |  1- 3 |  4- 6 || total
---------------------------+-------+-------++-------
  Melee: Dagger            |       |     8 ||     8
   Cast: Freeze            |    31 |    39 ||    70
         Frozen Ramparts   |     1 |     1 ||     2
         Ozocubu's Armour  |       |     2 ||     2
    Use: Scroll            |       |     6 ||     6
         Potion            |       |     6 ||     6
 Armour: Robe              |     6 |    61 ||    67
  Dodge: Dodged            |    15 |    87 ||   102

Table legend: (Time is in decaauts)
 A = Elapsed time spent in this place.
 B = Non-inter-level travel time spent in this place.
 C = Inter-level travel time spent in this place.
 D = Time resting spent in this place.
 E = Time spent auto-exploring this place.
 F = Levels seen in this place.
 G = Mean time per level.
                   A        B        C        D        E       F      G
               +--------+--------+--------+--------+--------+-----+--------+
         Total |   2605 |   2545 |     60 |      0 |   2126 |   5 |  521.0 |
       Dungeon |   2569 |   2509 |     60 |      0 |   2126 |   4 |  642.2 |
       Ossuary |     35 |     35 |      0 |      0 |      0 |   1 |   35.0 |
               +--------+--------+--------+--------+--------+-----+--------+

Top non-repeatable levels by time:
     D:2: 916 daAuts
     D:1: 827 daAuts
     D:3: 736 daAuts
     D:4: 89 daAuts
 Ossuary: 35 daAuts
